 Dungeon Crawl Stone Soup version 0.29.0-4-gdea44cf6ec (webtiles) character file.

Game seed: 14981567649352650344

80 qw the Caller (level 4, -1/36 HPs)
             Began as a Ghoul Summoner on Sept 9, 2022.
             Killed from afar by an orc wizard (6 damage)
             ... with a puff of flame
             ... on level 3 of the Dungeon.
             The game lasted 00:01:18 (3854 turns).

qw the Caller (Ghoul Summoner)                      Turns: 3854, Time: 00:01:19

Health: -1/36      AC:  2    Str: 13    XL:     4   Next: 39%
Magic:  0/5        EV: 12    Int: 10    God:
Gold:   88         SH:  0    Dex:  9    Spells: 5/6 levels left

rFire   . . .      SeeInvis .   i - +0 hand axe
rCold   + . .      Faith    .   (no shield)
rNeg    + + +      Spirit   .   a - +0 robe
rPois   inf        Reflect  .   (no helmet)
rElec   .          Harm     .   (no cloak)
rCorr   .          Rampage  .   (no gloves)
Will    .....                   (no boots)
Stlth   ++........              (no amulet)
HPRegen 0.00/turn               (no ring)
MPRegen 0.09/turn               (no ring)

@: inhibited regen
A: claws 1, cold resistance 1, negative energy resistance 3, inhibited
regeneration, torment resistance 2, devour on kill
a: no special abilities


You were on level 3 of the Dungeon.
You visited 1 branch of the dungeon, and saw 3 of its levels.

You collected 88 gold pieces.


Innate Abilities, Weirdness & Mutations

You are immune to poison.
You have sharp fingernails.
Your flesh is cold resistant. (rC+)
You are immune to negative energy. (rN+++)
You do not regenerate when monsters are visible.
You are immune to unholy pain and torment.
You thrive by killing the living.


   Skills:
 - Level 2.0 Fighting
 + Level 2.9 Axes
 - Level 1.7 Dodging
 - Level 2.1 Stealth
 - Level 1.7 Spellcasting
 - Level 3.6 Summonings


You had 5 spell levels left.
You knew the following spells:

 Your Spells              Type           Power      Damage    Failure   Level
a - Summon Small Mammal   Summ           32%        N/A       8%          1

Your spell library contained the following spells:

 Spells                   Type           Power      Damage    Failure   Level
 Call Imp                 Summ           8%         N/A       11%         2
 Call Canine Familiar     Summ           8%         N/A       22%         3
 Summon Guardian Golem    Hex/Summ       4%         N/A       43%         3
 Summon Lightning Spire   Summ/Air       4%         N/A       83%         4

Inventory:

Hand Weapons
 b - a +0 whip
 i - a +0 hand axe (weapon)
Armour
 a - a +0 robe (worn)
 c - a +0 leather armour
 f - a +0 ring mail
Jewellery
 h - a ring of ice
Scrolls
 d - a scroll of identify
Potions
 g - a potion of lignification {unknown}

Dungeon Overview and Level Annotations

Branches:
Dungeon (3/15)

Altars:


Message History

Your bat disappears in a puff of smoke!
Something hits you.
You hit something. Something completely misses you.
Your rat closely misses the orc.
3846 ||| CASTING Summon Small Mammal
Casting: Summon Small Mammal (safe; 8% risk of failure)
Confirm with . or Enter, or press ? or * to list all spells.
Your rat disappears in a puff of smoke!
Something hits you.
You closely miss something. Something hits you.
Your rat barely misses the orc.
You closely miss something.
You hear some strange, mumbled words.
A magic dart appears from out of thin air!
The magic dart hits you!
Your rat closely misses the orc.
Your magical contamination has completely faded away.
You closely miss something.
You hear some strange, mumbled words.
A magic dart appears from out of thin air!
The magic dart hits you.
Your rat barely misses the orc.
Something hits you.
You barely miss something.
Your rat barely misses the orc.
You hear some strange, mumbled words.
You are confused.
3851 ||| DRINKING potion of curing.
You feel better.
3851 ||| (to cure confusion)
Your rat bites the orc.
Something hits you but does no damage.
You hit something but do no damage.
Your rat bites the orc.
You hear some strange, mumbled words.
A puff of flame appears from out of thin air!
The puff of flame hits you!
You miss something.
Your rat barely misses the orc.
Something hits you.
You miss something.
Your rat bites the orc.
You hear some strange, mumbled words.
A puff of flame appears from out of thin air!
The puff of flame hits you.
You die...

#####.##### # #.# ## #.#
##. #.#### ##.. .#
#.##.## ##...
...o#######.#...####....
..o...ro...........'....
##{###.#...####.... #@#
#.##.## ##... #r# #.##.#
##.> ##)####.###.##<#
##. .........).....# ##
##.####.###.#####
#.........#
#.###........ #.#
#####.### #.. #


You could see an orc (distracted, ally target) and 2 friendly rats.

Vanquished Creatures
  3 adders (D:2)
  A worm (D:2)
  An orc (D:3)
  3 bats (D:1)
  6 endoplasms
  3 giant cockroaches (D:1)
  6 hobgoblins
  A kobold (D:2)
  3 quokkas (D:1)
  3 ball pythons
30 creatures vanquished.

Vanquished Creatures (collateral kills)
  A dart slug (D:2)
  2 ball pythons
  2 endoplasms
  A goblin (D:1)
  3 jackals (D:2)
  A frilled lizard (D:3)
10 creatures vanquished.

Grand Total: 40 creatures vanquished

Notes
Turn   | Place    | Note
-------+----------+-------------------------------------------
     0 | D:1      | qw the Ghoul Summoner began the quest for the Orb.
     0 | D:1      | Reached XP level 1. HP: 14/14 MP: 2/2
     0 | D:1      | 0 ||| qw: Version: 0.1-a-113-g051387a
     0 | D:1      | 0 ||| qw: Game counter: 7203
     0 | D:1      | 0 ||| qw: Always use a shield: true
     0 | D:1      | 0 ||| qw: God list: Okawaru
     0 | D:1      | 0 ||| qw: Allow faded altars: false
     0 | D:1      | 0 ||| qw: Do Orc after D:15 true
     0 | D:1      | 0 ||| qw: Do second Lair branch before Depths: true
     0 | D:1      | 0 ||| qw: Lair rune preference: random
     0 | D:1      | 0 ||| qw: Plans: Normal
     0 | D:1      | 0 ||| PLANNING D:1-11
     2 | D:1      | 2 ||| CASTING Summon Small Mammal
     3 | D:1      | 3 ||| CASTING Summon Small Mammal
   135 | D:1      | 135 ||| CASTING Summon Small Mammal
   136 | D:1      | 136 ||| CASTING Summon Small Mammal
   337 | D:1      | 337 ||| CASTING Summon Small Mammal
   338 | D:1      | 338 ||| CASTING Summon Small Mammal
   349 | D:1      | Reached skill level 1 in Axes
   389 | D:1      | 389 ||| CASTING Summon Small Mammal
   390 | D:1      | 390 ||| CASTING Summon Small Mammal
   402 | D:1      | 402 ||| CASTING Summon Small Mammal
   430 | D:1      | 430 ||| Wielding weapon +0 whip.
   434 | D:1      | 434 ||| CASTING Summon Small Mammal
   435 | D:1      | 435 ||| CASTING Summon Small Mammal
   439 | D:1      | 439 ||| Stepping ~*~*~tactically~*~*~ (outnumbered).
   440 | D:1      | 440 ||| Stepping ~*~*~tactically~*~*~ (outnumbered).
   442 | D:1      | Reached XP level 2. HP: 15/22 MP: 0/3
   444 | D:1      | Reached skill level 1 in Fighting
   446 | D:1      | 446 ||| CASTING Summon Small Mammal
   458 | D:1      | 458 ||| CASTING Summon Small Mammal
   604 | D:1      | 604 ||| CASTING Summon Small Mammal
   605 | D:1      | 605 ||| CASTING Summon Small Mammal
   606 | D:1      | 606 ||| CASTING Summon Small Mammal
   658 | D:1      | 658 ||| CASTING Summon Small Mammal
   659 | D:1      | 659 ||| CASTING Summon Small Mammal
   660 | D:1      | 660 ||| CASTING Summon Small Mammal
   670 | D:1      | 670 ||| CASTING Summon Small Mammal
   709 | D:1      | 709 ||| CASTING Summon Small Mammal
   710 | D:1      | 710 ||| CASTING Summon Small Mammal
   711 | D:1      | 711 ||| CASTING Summon Small Mammal
   787 | D:1      | 787 ||| CASTING Summon Small Mammal
   788 | D:1      | 788 ||| CASTING Summon Small Mammal
   789 | D:1      | 789 ||| CASTING Summon Small Mammal
   799 | D:1      | 799 ||| CASTING Summon Small Mammal
   935 | D:1      | 935 ||| CASTING Summon Small Mammal
   936 | D:1      | 936 ||| CASTING Summon Small Mammal
   937 | D:1      | 937 ||| CASTING Summon Small Mammal
   974 | D:1      | 974 ||| CASTING Summon Small Mammal
   975 | D:1      | 975 ||| CASTING Summon Small Mammal
   976 | D:1      | 976 ||| CASTING Summon Small Mammal
   987 | D:1      | 987 ||| CASTING Summon Small Mammal
  1103 | D:1      | 1103 ||| CASTING Summon Small Mammal
  1104 | D:1      | 1104 ||| CASTING Summon Small Mammal
  1105 | D:1      | 1105 ||| CASTING Summon Small Mammal
  1115 | D:1      | 1115 ||| CASTING Summon Small Mammal
  1179 | D:1      | 1179 ||| CASTING Summon Small Mammal
  1180 | D:1      | 1180 ||| CASTING Summon Small Mammal
  1181 | D:1      | 1181 ||| CASTING Summon Small Mammal
  1339 | D:1      | 1339 ||| CASTING Summon Small Mammal
  1340 | D:1      | 1340 ||| CASTING Summon Small Mammal
  1341 | D:1      | 1341 ||| CASTING Summon Small Mammal
  1347 | D:1      | Reached XP level 3. HP: 28/28 MP: 0/4
  1538 | D:1      | 1538 ||| READING 2 scrolls labelled PACEEN ZYWKO.
  1539 | D:1      | 1539 ||| READING scroll labelled OLEXTY EQANTUWN.
  1540 | D:1      | 1540 ||| DRINKING 2 red potions.
  1541 | D:1      | 1541 ||| DROPPING potion of magic.
  1583 | D:2      | 1583 ||| CASTING Summon Small Mammal
  1584 | D:2      | 1584 ||| CASTING Summon Small Mammal
  1585 | D:2      | 1585 ||| CASTING Summon Small Mammal
  1586 | D:2      | 1586 ||| CASTING Summon Small Mammal
  1594 | D:2      | 1594 ||| CASTING Summon Small Mammal
  1605 | D:2      | 1605 ||| CASTING Summon Small Mammal
  1609 | D:2      | HP: 2/28 [worm (6)]
  1616 | D:2      | 1616 ||| CASTING Summon Small Mammal
  1622 | D:2      | HP: 3/28 [frozen (2)]
  1934 | D:2      | 1934 ||| CASTING Summon Small Mammal
  1935 | D:2      | 1935 ||| CASTING Summon Small Mammal
  1936 | D:2      | 1936 ||| CASTING Summon Small Mammal
  1937 | D:2      | 1937 ||| CASTING Summon Small Mammal
  2097 | D:2      | 2097 ||| CASTING Summon Small Mammal
  2098 | D:2      | 2098 ||| CASTING Summon Small Mammal
  2099 | D:2      | 2099 ||| CASTING Summon Small Mammal
  2100 | D:2      | 2100 ||| CASTING Summon Small Mammal
  2108 | D:2      | 2108 ||| CASTING Summon Small Mammal
  2119 | D:2      | 2119 ||| CASTING Summon Small Mammal
  2129 | D:2      | 2129 ||| CASTING Summon Small Mammal
  2361 | D:2      | 2361 ||| CASTING Summon Small Mammal
  2362 | D:2      | 2362 ||| CASTING Summon Small Mammal
  2363 | D:2      | 2363 ||| CASTING Summon Small Mammal
  2364 | D:2      | 2364 ||| CASTING Summon Small Mammal
  2372 | D:2      | 2372 ||| CASTING Summon Small Mammal
  2439 | D:2      | 2439 ||| SWAPPING to +0 falchion.
  2451 | D:2      | 2451 ||| CASTING Summon Small Mammal
  2452 | D:2      | 2452 ||| CASTING Summon Small Mammal
  2453 | D:2      | 2453 ||| CASTING Summon Small Mammal
  2454 | D:2      | 2454 ||| CASTING Summon Small Mammal
  2462 | D:2      | 2462 ||| CASTING Summon Small Mammal
  2556 | D:2      | 2556 ||| CASTING Summon Small Mammal
  2557 | D:2      | 2557 ||| CASTING Summon Small Mammal
  2558 | D:2      | 2558 ||| CASTING Summon Small Mammal
  2559 | D:2      | 2559 ||| CASTING Summon Small Mammal
  2566 | D:2      | 2566 ||| CASTING Summon Small Mammal
  2568 | D:2      | Reached XP level 4. HP: 20/36 MP: 0/5
  2715 | D:2      | 2715 ||| CASTING Summon Small Mammal
  2716 | D:2      | 2716 ||| CASTING Summon Small Mammal
  2717 | D:2      | 2717 ||| CASTING Summon Small Mammal
  2718 | D:2      | 2718 ||| CASTING Summon Small Mammal
  2719 | D:2      | 2719 ||| CASTING Summon Small Mammal
  2726 | D:2      | 2726 ||| CASTING Summon Small Mammal
  2818 | D:2      | 2818 ||| CASTING Summon Small Mammal
  2819 | D:2      | 2819 ||| CASTING Summon Small Mammal
  2820 | D:2      | 2820 ||| CASTING Summon Small Mammal
  2821 | D:2      | 2821 ||| CASTING Summon Small Mammal
  2822 | D:2      | 2822 ||| CASTING Summon Small Mammal
  2875 | D:2      | 2875 ||| CASTING Summon Small Mammal
  2876 | D:2      | 2876 ||| CASTING Summon Small Mammal
  2877 | D:2      | 2877 ||| CASTING Summon Small Mammal
  2878 | D:2      | 2878 ||| CASTING Summon Small Mammal
  2879 | D:2      | 2879 ||| CASTING Summon Small Mammal
  2934 | D:2      | 2934 ||| CASTING Summon Small Mammal
  2935 | D:2      | 2935 ||| CASTING Summon Small Mammal
  2936 | D:2      | 2936 ||| CASTING Summon Small Mammal
  2937 | D:2      | 2937 ||| CASTING Summon Small Mammal
  2938 | D:2      | 2938 ||| CASTING Summon Small Mammal
  2945 | D:2      | 2945 ||| CASTING Summon Small Mammal
  3006 | D:2      | 3006 ||| READING scroll labelled INGEKHL BIYTO.
  3013 | D:2      | 3013 ||| CASTING Summon Small Mammal
  3014 | D:2      | 3014 ||| CASTING Summon Small Mammal
  3015 | D:2      | 3015 ||| CASTING Summon Small Mammal
  3016 | D:2      | 3016 ||| CASTING Summon Small Mammal
  3017 | D:2      | 3017 ||| CASTING Summon Small Mammal
  3074 | D:2      | Identified the +6 dagger "Nuorrelo" {vorpal, Int+4}
  3076 | D:2      | 3076 ||| DROPPING +6 dagger "Nuorrelo" {vorpal, Int+4}.
  3096 | D:2      | 3096 ||| Stepping ~*~*~tactically~*~*~ (stealth).
  3098 | D:2      | 3098 ||| Stepping ~*~*~tactically~*~*~ (stealth).
  3100 | D:2      | 3100 ||| CASTING Summon Small Mammal
  3101 | D:2      | 3101 ||| CASTING Summon Small Mammal
  3102 | D:2      | 3102 ||| CASTING Summon Small Mammal
  3103 | D:2      | 3103 ||| CASTING Summon Small Mammal
  3104 | D:2      | 3104 ||| CASTING Summon Small Mammal
  3110 | D:2      | 3110 ||| CASTING Summon Small Mammal
  3119 | D:2      | 3119 ||| CASTING Summon Small Mammal
  3284 | D:2      | 3284 ||| CASTING Summon Small Mammal
  3285 | D:2      | 3285 ||| CASTING Summon Small Mammal
  3286 | D:2      | 3286 ||| CASTING Summon Small Mammal
  3287 | D:2      | 3287 ||| CASTING Summon Small Mammal
  3288 | D:2      | 3288 ||| CASTING Summon Small Mammal
  3486 | D:2      | 3486 ||| READING scroll labelled XEURAY JACYGH.
  3487 | D:2      | 3487 ||| READING scroll labelled NUSHOTOFFO.
  3666 | D:3      | 3666 ||| CASTING Summon Small Mammal
  3667 | D:3      | 3667 ||| CASTING Summon Small Mammal
  3668 | D:3      | 3668 ||| CASTING Summon Small Mammal
  3669 | D:3      | 3669 ||| CASTING Summon Small Mammal
  3748 | D:3      | 3748 ||| CASTING Summon Small Mammal
  3749 | D:3      | 3749 ||| CASTING Summon Small Mammal
  3750 | D:3      | 3750 ||| CASTING Summon Small Mammal
  3751 | D:3      | 3751 ||| CASTING Summon Small Mammal
  3752 | D:3      | 3752 ||| CASTING Summon Small Mammal
  3759 | D:3      | 3759 ||| CASTING Summon Small Mammal
  3827 | D:3      | 3827 ||| SWAPPING to +0 hand axe.
  3828 | D:3      | 3828 ||| DROPPING +0 falchion.
  3830 | D:3      | 3830 ||| Stepping ~*~*~tactically~*~*~ (hiding).
  3835 | D:3      | 3835 ||| CASTING Summon Small Mammal
  3837 | D:3      | 3837 ||| DRINKING 2 potions of curing.
  3837 | D:3      | 3837 ||| (to cure confusion)
  3841 | D:3      | 3841 ||| CASTING Summon Small Mammal
  3842 | D:3      | 3842 ||| CASTING Summon Small Mammal
  3843 | D:3      | 3843 ||| CASTING Summon Small Mammal
  3844 | D:3      | 3844 ||| CASTING Summon Small Mammal
  3846 | D:3      | 3846 ||| CASTING Summon Small Mammal
  3849 | D:3      | HP: 8/36 [something (2)]
  3851 | D:3      | 3851 ||| DRINKING potion of curing.
  3851 | D:3      | 3851 ||| (to cure confusion)
  3854 | D:3      | Killed from afar by an orc wizard

Levels and vault maps discovered:
D:1:      minmay_arrival_open_corners, layout_basic
D:2:      layout_loops_ring, grunt_decor_cap
D:3:      layout_loops_corners, dreamdust_ecumenical_altar_hidden_monk_grotto,
          uniq_robin, uniq_jessica

Skill      XL: |  1  2  3 |
---------------+----------+-----
Axes           | 1 2 |  2.9
Fighting       | 1 2 |  2.0
Dodging        | |  1.7
Stealth        | |  2.1
Spellcasting   | |  1.7
Summonings     | |  3.6

Action                   |  1- 3 |  4- 6 || total
-------------------------+-------+-------++-------
Melee: Unarmed           |    10 |       ||    10
       Whip              |    97 |       ||    97
       Punch             |     2 |       ||     2
       Falchion          |    12 |    34 ||    46
       Hand axe          |       |    12 ||    12
 Cast: Summon Small Mamm |    74 |    49 ||   123
  Use: Scroll            |     2 |     3 ||     5
       Potion            |     1 |     2 ||     3
 Stab: Distracted        |       |     1 ||     1
Armor: Robe              |    22 |    10 ||    32
Dodge: Dodged            |    94 |    36 ||   130

Table legend:
 A = Non-vault XP
 B = Vault XP
 C = Vault XP percentage of total XP
 D = Non-vault monster count
 E = Vault monster count
 F = Vault count percentage of total count
                 A         B        C        D         E       F
            +---------+---------+-------+---------+---------+-------
      Total |     115 |       0 |   0.0 |      40 |       0 |   0.0
            +---------+---------+-------+---------+---------+-------
        D:1 |      35 |       0 |   0.0 |      19 |       0 |   0.0
        D:2 |      76 |       0 |   0.0 |      19 |       0 |   0.0
        D:3 |       4 |       0 |   0.0 |       2 |       0 |   0.0
            +---------+---------+-------+---------+---------+-------
